 Dungeon Crawl Stone Soup version 0.29.1-15-g9cfb28693d (webtiles) character file.

Game seed: 7283159330290194402

222 Alturiack the Chopper (level 5, -3/47 HPs)
             Began as a Hill Orc Cinder Acolyte on Apr 12, 2023.
             Was a High Priest of Ignis.
             Slain by Duvessa
             ... wielding a +0 short sword
              (10 damage)
             ... on level 3 of the Dungeon.
             The game lasted 00:10:05 (4158 turns).

Alturiack the Chopper (Hill Orc Cinder Acolyte)     Turns: 4158, Time: 00:10:06

Health: -3/47      AC: 12    Str: 17    XL:     5   Next: 99%
Magic:  0/6        EV:  9    Int: 16    God:    Ignis [*****.]
Gold:   155        SH:  0    Dex:  6    Spells: 4/6 levels left

rFire   + . .      SeeInvis .   a - -1 hand axe (flame)
rCold   . . .      Faith    .   (no shield)
rNeg    . . .      Spirit   .   s - +0 scale mail
rPois   .          Reflect  .   (no helmet)
rElec   .          Harm     .   (no cloak)
rCorr   .          Rampage  .   j - +0 pair of gloves
Will    .....                   (no boots)
Stlth   ..........              (no amulet)
HPRegen 0.15/turn               q - +4 ring of protection
MPRegen 0.10/turn               (no ring)

@: very slightly contaminated
A: no striking features
a: Renounce Religion, Fiery Armour, Foxfire Swarm, Rising Flame


You were on level 3 of the Dungeon.
You worshipped Ignis.
Ignis was extremely pleased with you.
You visited 1 branch of the dungeon, and saw 4 of its levels.

You collected 155 gold pieces.

Inventory:

Hand Weapons
 a - a -1 hand axe of flaming (weapon)
Armour
 b - a +0 robe
 j - a +0 pair of gloves (worn)
 s - a +0 scale mail (worn)
Jewellery
 q - a +4 ring of protection (left hand)
Scrolls
 c - 3 scrolls of identify {unknown}
 d - 2 scrolls of teleportation {unknown}
 h - a scroll of vulnerability {unknown}
 k - a scroll of magic mapping {unknown}
 l - a scroll of blinking {unknown}
 m - a scroll of summoning {unknown}
 n - a scroll of fear {unknown}
 p - a scroll of poison {unknown}
 t - a scroll of amnesia {unknown}
 u - a scroll of noise {unknown}
Potions
 e - a potion of flight {unknown}
 f - a potion of curing {unknown}
 g - 2 potions of cancellation {unknown}
 i - a potion of invisibility {unknown}
 o - a potion of brilliance {unknown}
 r - a potion of mutation {unknown}
 v - a potion of degeneration {unknown}


   Skills:
 + Level 4.6 Fighting
 + Level 5.0 Axes
 * Level 3.5 Armour
 - Level 1.0 Spellcasting
 * Level 4.6 Fire Magic


You had 4 spell levels left.
You knew the following spells:

 Your Spells              Type           Power      Damage    Failure   Level
a - Scorch                Fire           30%        2d7       17%         2

Your spell library contained the following spells:

 Spells                   Type           Power      Damage    Failure   Level
 Slow                     Hex            0%         N/A       58%         1
 Sublimation of Blood     Necr           0%         N/A       73%         2
 Wereblood                Tmut           0%         N/A       73%         2
 Confusing Touch          Hex            0%         N/A       91%         3
 Dazzling Flash           Conj/Hex       0%         N/A       91%         3
 Vampiric Draining        Necr           0%         2d6       91%         3
 Agony                    Necr           0%         N/A       100%        5
 Silence                  Hex/Air        0%         N/A       100%        5
 Summon Hydra             Summ           0%         N/A       100%        7


Dungeon Overview and Level Annotations

Branches:
Dungeon (4/15)
 Temple: D:4-7

Altars:

Shops:
D:3 (

Annotations:
D:3 Duvessa


Message History

Dowan is almost dead.
Dowan barely misses you. Dowan attacks as you move away!
Dowan barely misses you.
Duvessa says, "When magic and the sword combine, nothing stands against them."
Dowan casts a spell.
Dowan blinks!
Dowan barely misses you.
You closely miss Dowan.
Dowan is almost dead.
Dowan hits you but does no damage.
You hit Dowan. You burn Dowan.
You kill Dowan!
Duvessa screams, "No!
How DARE you!"
Duvessa goes berserk!
You hit Duvessa. You burn Duvessa. Duvessa hits you with a +0 short sword.
Duvessa barely misses you.
Your Axes skill increases to level 5!
Things that are here:
a +0 dagger; a +0 robe; the elf corpse of Dowan Duvessa misses you.
Duvessa hits you with a +0 short sword.
There is a stone staircase leading up here.
Duvessa hits you with a +0 short sword.
You climb upwards.
There is a stone staircase leading down here.
Casting: Scorch (safe; 17% risk of failure)
Confirm with . or Enter, or press ? or * to list all spells.
Flames lash Duvessa but do no damage.
Duvessa hits you but does no damage. Duvessa hits you with a +0 short sword!
Duvessa hits you with a +0 short sword.
* * * LOW HITPOINT WARNING * * *
Casting: Scorch (safe; 17% risk of failure)
Confirm with . or Enter, or press ? or * to list all spells.
You miscast Scorch.
You are very lightly contaminated with residual magic.
Nothing appears to happen.
Duvessa barely misses you.
You hit Duvessa but do no damage.
Duvessa is lightly wounded.
Duvessa hits you with a +0 short sword.
* * * LOW HITPOINT WARNING * * *
Duvessa hits you with a +0 short sword!
You die...

#.# #.# #...#
##########.########.#
##.##
....................#
#.#
########.############
#.# #.# #########.#
#.# #..<......#
########.#
##.#########
..>......# ##...##
##########
#@###.###### #e#
#......# ###
#>###.####.#
..####### ##...## #.#
#.......# ##### #.#
#######.# ####### #.#
#.# #.....# #.#
#.######.....######.#
#...................#


You could see Duvessa (berserk).

Vanquished Creatures
  Dowan (D:4)
  An iguana (D:4)
  5 adders
  A gnoll (D:3)
  A worm (D:3)
  2 dart slugs (D:1)
  2 orcs (D:3)
  6 ball pythons
  7 bats
  8 endoplasms
  2 giant cockroaches (D:3)
  14 goblins
  7 hobgoblins
  6 jackals
  6 kobolds
  A quokka (D:2)
  5 frilled lizards
  5 rats
80 creatures vanquished.

Notes
Turn   | Place    | Note
-------+----------+-------------------------------------------
     0 | D:1      | Alturiack the Hill Orc Cinder Acolyte began the quest for
                  | the Orb.
     0 | D:1      | Reached XP level 1. HP: 19/19 MP: 2/2
   254 | D:1      | Reached skill level 1 in Armour
   254 | D:1      | Reached XP level 2. HP: 27/27 MP: 3/3
   396 | D:1      | Learned a level 2 spell: Scorch
   885 | D:1      | Reached XP level 3. HP: 33/33 MP: 1/4
  1669 | D:2      | Reached XP level 4. HP: 39/40 MP: 2/5
  2074 | D:2      | Found a faded altar of an unknown god.
  3105 | D:3      | Reached XP level 5. HP: 41/46 MP: 3/6
  3457 | D:4      | Noticed Duvessa
  3457 | D:4      | Noticed a phantom
  3457 | D:4      | Noticed Dowan
  3661 | D:3      | Found Sibluqer's Weapon Emporium.
  4149 | D:4      | Killed Dowan
  4150 | D:4      | Reached skill level 5 in Axes
  4158 | D:3      | Slain by Duvessa

Illustrated notes

Levels and vault maps discovered:
D:1:      tarquinn_simple_flora_water_c, layout_basic
D:2:      layout_loops_ring, basic_ecumenical_altar,
          chequers_serial_rivers_marsh, hangedman_decor_riveting, st_stairs_13
D:3:      minmay_bubble_buster, layout_loops_ring, serial_shops,
          nicolae_shop_hallway_stairs, chequers_serial_rivers_micro_c
D:4:      layout_loops_ring, lightli_sewer_entry_pipes, serial_bayou,
          serial_bayou_pond_b, serial_bayou_shore_b, serial_bayou_ford_a,
          serial_bayou_lagoon_a, fountainhead, supply_closet_lemuel,
          serial_park_tiny_1, kennysheep_opposing_triangles, uniq_duvessa,
          uniq_blork_the_orc

Skill      XL: |  1  2  3  4  5 |
---------------+----------------+-----
Armour         | 1 2 3 |  3.5
Fighting       | 4 |  4.6
Fire Magic     | 4 |  4.6
Axes           | 5 |  5.0
Spellcasting   | |  1.0

Action                   |  1- 3 |  4- 6 || total
-------------------------+-------+-------++-------
Melee: Hand axe          |    64 |   125 ||   189
       Punch             |     1 |       ||     1
 Cast: Scorch            |    12 |    31 ||    43
Armor: Robe              |    22 |    19 ||    41
       Scale mail        |       |    49 ||    49
Dodge: Dodged            |    43 |    89 ||   132
